Workbook
Name Adm: PRESUPUESTO!$F$113
Name Imprev: PRESUPUESTO!$F$114
Name IvaSUtl: PRESUPUESTO!$F$117
Name SbtPpto: PRESUPUESTO!$G$84
Name TtlCD: PRESUPUESTO!$G$112
Name Utilidad: PRESUPUESTO!$F$115

Sheet PRESUPUESTO
A1: 2015.1 | B1: 2024.2 | E1: www.sagut.com | F1: ="Duración Obra " & G142 & " Días" -> Duración Obra 15 Días | G1: =G135 -> 149484216 | H1: Unit CD | I1: Unit CT | J1: Decimales | K1: Durac | L1: CT | M1: CD | N1: CASA | O1: =B2 -> CD | P1: DOBLECLIC AQUÍ PARA OCULTAR | AF1: C1 | AG1: C2 | AH1: C3 | AI1: C4 | AJ1: C5 | AK1: C6 | AR1: Valor Final del Contrato $ | AS1: =AS135 -> 39092616 | AY1: Inicio | AZ1: Precios Base | CE1: =IF($A$2="CD",CG1,IF($A$2="CT",CH1,"Correg CT")) -> 0 | CF1: =ROUND(CD1 * CE1,$J$2) -> 0 | CI1: 1 | CK1: =ROUND(CH1 * CD1,$J$2) -> 0 | CL1: =ROUND(CG1 * CD1,$J$2) -> 0 | CM1: =CF1*$N$2 -> 0 | CS1: =CO1+CP1+CQ1+CR1 -> 0 | DF1: ="CAP. " &#REF! & ": " &#REF! -> #REF! | DG1: =ROW(#REF!) -> #REF! | DN1: =CD1 -> 0 | DP1: =DN1+DO1 -> 0 | DQ1: =CE1 -> 0 | DR1: =ROUND(DP1 * DQ1,$J$2) -> 0
A2: CD | B2: =IF($A$2="CD","CD",IF($A$2="CT","CT","")) -> CD | G2: =IF(#REF!=1,"CHEQ. INSUMOS","Insumos ok.") -> #REF! | H2: 2 | I2: 3 | J2: 0 | N2: 1 | AO2: Dobleclic para ocultar Cantidades Definitivas | AY2: Fin | BZ2: A | CA2: B | CB2: C | CC2: D | CD2: E | CE2: F | CF2: G | CG2: H | CH2: I | CI2: J | CJ2: K | CK2: L | CL2: M | CM2: N | CN2: O | CO2: P | CP2: Q | CQ2: R | CR2: S | CS2: T | CT2: U | CU2: V | CV2: W | CW2: X | CX2: Y | CY2: Z | CZ2: AA | DA2: AB | DB2: AC | DC2: AD | DD2: AE | DE2: AF | DF2: AG | DG2: AH | DH2: AI | DI2: AJ | DJ2: AK | DK2: AL | DL2: AM | DM2: AN | DN2: AO | DO2: AP | DP2: AQ | DQ2: AR | DR2: AS | DS2: AT | DT2: AU
AP3: =SUM(AP8:AP132) -> #REF!
AG4: ="CAP. " & $B$4 & ": " & $C$4 -> CAP. : | AH4: =ROW($B$4) -> 4 | AI4: ="SUBCAP. " & $B$4 & ": " & $C$4 -> SUBCAP. : | AJ4: =ROW($B$4) -> 4
B7: FIRMA CONSTRUCTORA | P7: ITEMS POR COMPONENTES | AO7: CANTIDADES DEFINITIVAS DE OBRA
B8: PRESUPUESTO DE OBRA | P8: Otros | Q8: Equipo | R8: M. de Obra | S8: Materiales | T8: Unit CD | V8: 1 | AO8: PRESUP. | AP8: MODIF. | AQ8: CANT. DEFINIT. | AR8: VR.UNIT. | AS8: VR. DEFINIT.
B9: OBJETO: | C9: MEJORAMIENTO DE ACUEDUCTOS RURALES DE EL DOVIO VALLE | F9: PROCESO No.
F10: FECHA: | G10: =TODAY() -> 46280
A12: ENCAB | B12: ITEM | C12: DESCRIPCION | D12: UND | E12: CANT. | F12: VR. UNIT | G12: =IF(N2>1,"VR. / " &N1,"VR.TOTAL") -> VR.TOTAL | H12: C.D. | I12: C.T. | K12: DURAC | L12: VR. TOTAL | M12: VR. C.D. | N12: ="Vr. " & N2 & " " &N1& "S" -> Vr. 1 CASAS | P12: Otros | Q12: Equipo | R12: M. de Obra | S12: Materiales | T12: Unit CD | V12: 1 | AO12: PRESUP. | AP12: =[1]ACTAS!L14 -> #REF! | AQ12: CANT. DEFINIT. | AR12: VR.UNIT. | AS12: VR. DEFINIT.
A14: CAP | B14: 1 | C14: ACUEDUCTO VEREDA LOS ZAINOS | G14: =SUM(G15:G28) -> 41477508 | N14: =SUM(N15:N28) -> 11828789 | U14: =IF(G14<>"",N14-G14*$N$2,0) -> -29648719 | V14: . | AG14: ="CAP. " & $B$14 & ": " & $C$14 -> CAP. 1: ACUEDUCTO VEREDA LOS ZAINOS | AH14: =ROW($B$14) -> 14 | AS14: =SUM(AS15:AS28) -> 11828789
A15: COD | AG15: ="CAP. " & $B$14 & ": " & $C$14 -> CAP. 1: ACUEDUCTO VEREDA LOS ZAINOS | AH15: =ROW($B$14) -> 14
A16: 100113 | C16: LOCALIZACION-REPLANTEO ACUEDUCTO-ALCANTARILLADO | D16: M | E16: =+'MEMORIA DE CANTIDADES'!L37 -> 198 | F16: 2707 | G16: =ROUND(E16 * F16,$J$2) -> 535986 | H16: =#REF! -> #REF! | I16: =#REF! -> #REF! | J16: 1 | K16: =ROUNDUP(#REF!/$J$16,0) -> #REF! | L16: =ROUND(I16 * E16,$J$2) -> #REF! | M16: =ROUND(H16 * E16,$J$2) -> #REF! | N16: =G16*$N$2 -> 535986 | P16: =ROUND(#REF!*E16,0) -> #REF! | Q16: =ROUND(#REF!*E16,0) -> #REF! | R16: =ROUND(#REF!*E16,0) -> #REF! | S16: =ROUND(#REF!*E16,0) -> #REF! | T16: =P16+Q16+R16+S16 -> #REF! | AG16: ="CAP. " & $B$14 & ": " & $C$14 -> CAP. 1: ACUEDUCTO VEREDA LOS ZAINOS | AH16: =ROW($B$14) -> 14 | AO16: =E16 -> 198 | AQ16: =AO16+AP16 -> 198 | AR16: =F16 -> 2707 | AS16: =ROUND(AQ16 * AR16,$J$2) -> 535986
C17: DESMONTE Y LIMPIEZA | D17: M2 | E17: =+'MEMORIA DE CANTIDADES'!L64 -> 158.4 | F17: 7595 | G17: =ROUND(E17 * F17,$J$2) -> 1203048
A18: 100314 | C18: RETIRO TUBERIA EXISTENTE 0" A 12" | D18: M | E18: =+'MEMORIA DE CANTIDADES'!L89 -> 198 | F18: 13067 | G18: =ROUND(E18 * F18,$J$2) -> 2587266 | H18: =#REF! -> #REF! | I18: =#REF! -> #REF! | J18: 1 | K18: =ROUNDUP(#REF!/$J$18,0) -> #REF! | L18: =ROUND(I18 * E18,$J$2) -> #REF! | M18: =ROUND(H18 * E18,$J$2) -> #REF! | N18: =G18*$N$2 -> 2587266 | P18: =ROUND(#REF!*E18,0) -> #REF! | Q18: =ROUND(#REF!*E18,0) -> #REF! | R18: =ROUND(#REF!*E18,0) -> #REF! | T18: =P18+Q18+R18+S18 -> #REF! | AG18: ="CAP. " & $B$14 & ": " & $C$14 -> CAP. 1: ACUEDUCTO VEREDA LOS ZAINOS | AH18: =ROW($B$14) -> 14 | AO18: =E18 -> 198 | AQ18: =AO18+AP18 -> 198 | AR18: =F18 -> 13067 | AS18: =ROUND(AQ18 * AR18,$J$2) -> 2587266
C19: DESVIACION TEMPORAL CAUCE ANCHOS 1 A 3 M | D19: M | E19: =+'MEMORIA DE CANTIDADES'!L116 -> 15 | F19: 294134 | G19: =ROUND(E19 * F19,$J$2) -> 4412010
A20: 100624 | C20: EXCAVACION TIERRA A MANO | D20: M3 | E20: =+'MEMORIA DE CANTIDADES'!L116 -> 15 | F20: 27209 | G20: =ROUND(E20 * F20,$J$2) -> 408135 | H20: =#REF! -> #REF! | I20: =#REF! -> #REF! | J20: 1 | K20: =ROUNDUP(#REF!/$J$20,0) -> #REF! | L20: =ROUND(I20 * E20,$J$2) -> #REF! | M20: =ROUND(H20 * E20,$J$2) -> #REF! | N20: =G20*$N$2 -> 408135 | P20: =ROUND(#REF!*E20,0) -> #REF! | Q20: =ROUND(#REF!*E20,0) -> #REF! | R20: =ROUND(#REF!*E20,0) -> #REF! | S20: =ROUND(#REF!*E20,0) -> #REF! | T20: =P20+Q20+R20+S20 -> #REF! | AG20: ="CAP. " & $B$14 & ": " & $C$14 -> CAP. 1: ACUEDUCTO VEREDA LOS ZAINOS | AH20: =ROW($B$14) -> 14 | AO20: =E20 -> 15 | AQ20: =AO20+AP20 -> 15 | AR20: =F20 -> 27209 | AS20: =ROUND(AQ20 * AR20,$J$2) -> 408135
A21: 100628 | C21: TANQUE ENTERRADO CONCRETO 3000 PSI | D21: M3 | E21: =+'MEMORIA DE CANTIDADES'!L170 -> 5.4 | F21: 1536556 | G21: =ROUND(E21 * F21,$J$2) -> 8297402 | H21: =#REF! -> #REF! | I21: =#REF! -> #REF! | J21: 1 | K21: =ROUNDUP(#REF!/$J$21,0) -> #REF! | L21: =ROUND(I21 * E21,$J$2) -> #REF! | M21: =ROUND(H21 * E21,$J$2) -> #REF! | N21: =G21*$N$2 -> 8297402 | P21: =ROUND(#REF!*E21,0) -> #REF! | Q21: =ROUND(#REF!*E21,0) -> #REF! | R21: =ROUND(#REF!*E21,0) -> #REF! | T21: =P21+Q21+R21+S21 -> #REF! | AG21: ="CAP. " & $B$14 & ": " & $C$14 -> CAP. 1: ACUEDUCTO VEREDA LOS ZAINOS | AH21: =ROW($B$14) -> 14 | AO21: =E21 -> 5.4 | AQ21: =AO21+AP21 -> 5.4 | AR21: =F21 -> 1536556 | AS21: =ROUND(AQ21 * AR21,$J$2) -> 8297402
C22: ACERO REFUERZO FLEJADO 60000 PSI 420Mpa | D22: KG | E22: =+'MEMORIA DE CANTIDADES'!L199 -> 239.04 | F22: 6098 | G22: =ROUND(E22 * F22,$J$2) -> 1457666
C23: FLEJADO HIERRO 60000 PSI 420 Mpa | D23: KG | E23: =+'MEMORIA DE CANTIDADES'!L226 -> 239.04 | F23: 1190 | G23: =ROUND(E23 * F23,$J$2) -> 284458
C24: TUBERIA PVC 3" | D24: M | E24: =+'MEMORIA DE CANTIDADES'!L257 -> 198 | F24: 62736 | G24: =ROUND(E24 * F24,$J$2) -> 12421728
C25: ANCLAJE-SOPORTE TUBERIA ANG 1 1/2"X1/8" | D25: UND | E25: =+'MEMORIA DE CANTIDADES'!L286 -> 99 | F25: 55955 | G25: =ROUND(E25 * F25,$J$2) -> 5539545
C26: ACARREO MATERIALES-ESCOMBROS 10 PERS | D26: H | E26: =+'MEMORIA DE CANTIDADES'!L315 -> 8 | F26: 353783 | G26: =ROUND(E26 * F26,$J$2) -> 2830264
C27: MANTENIMIENTO DE TANQUE DE ALMACENAMIENTO Y CASETA DE INSUMOS | D27: GBL | E27: =+'MEMORIA DE CANTIDADES'!L342 -> 1 | F27: 1500000 | G27: =ROUND(E27 * F27,$J$2) -> 1500000
AG28: ="CAP. " & $B$14 & ": " & $C$14 -> CAP. 1: ACUEDUCTO VEREDA LOS ZAINOS | AH28: =ROW($B$14) -> 14
A29: STCAP | F29: =IF(C14="ESCRIBA AQUÍ EL NOMBRE DEL CAPITULO","SUBTOTAL","SUBTOTAL CAP. "&B14&" "&C14&":") -> SUBTOTAL CAP. 1 ACUEDUCTO VEREDA LOS ZAINOS: | G29: =SUM(G15:G28) -> 41477508 | N29: =SUM(N15:N28) -> 11828789 | P29: =SUM(P14:P28) -> #REF! | Q29: =SUM(Q14:Q28) -> #REF! | R29: =SUM(R14:R28) -> #REF! | S29: =SUM(S14:S28) -> #REF! | T29: =SUM(T14:T28) -> #REF! | AG29: ="CAP. " & $B$14 & ": " & $C$14 -> CAP. 1: ACUEDUCTO VEREDA LOS ZAINOS | AH29: =ROW($B$14) -> 14 | AS29: =SUM(AS15:AS28) -> 11828789
A31: CAP | B31: 2 | C31: ACUEDUCTO VEREDA EL CRUCERO | G31: =SUM(G32:G41) -> 27919030 | N31: =SUM(N32:N41) -> 17798052 | U31: =IF(G31<>"",N31-G31*$N$2,0) -> -10120978 | V31: . | AG31: ="CAP. " & $B$31 & ": " & $C$31 -> CAP. 2: ACUEDUCTO VEREDA EL CRUCERO | AH31: =ROW($B$31) -> 31 | AS31: =SUM(AS32:AS41) -> 17798052
A32: COD | AG32: ="CAP. " & $B$31 & ": " & $C$31 -> CAP. 2: ACUEDUCTO VEREDA EL CRUCERO | AH32: =ROW($B$31) -> 31
A33: 140218 | C33: LOCALIZACION-REPLANTEO ACUEDUCTO-ALCANTARILLADO | D33: M | E33: =+'MEMORIA DE CANTIDADES'!L369 -> 400 | F33: 2707 | G33: =ROUND(E33 * F33,$J$2) -> 1082800 | H33: =#REF! -> #REF! | I33: =#REF! -> #REF! | J33: 1 | K33: =ROUNDUP(#REF!/$J$33,0) -> #REF! | L33: =ROUND(I33 * E33,$J$2) -> #REF! | M33: =ROUND(H33 * E33,$J$2) -> #REF! | N33: =G33*$N$2 -> 1082800 | P33: =ROUND(#REF!*E33,0) -> #REF! | Q33: =ROUND(#REF!*E33,0) -> #REF! | R33: =ROUND(#REF!*E33,0) -> #REF! | S33: =ROUND(#REF!*E33,0) -> #REF! | T33: =P33+Q33+R33+S33 -> #REF! | AG33: ="CAP. " & $B$31 & ": " & $C$31 -> CAP. 2: ACUEDUCTO VEREDA EL CRUCERO | AH33: =ROW($B$31) -> 31 | AO33: =E33 -> 400 | AQ33: =AO33+AP33 -> 400 | AR33: =F33 -> 2707 | AS33: =ROUND(AQ33 * AR33,$J$2) -> 1082800
A34: 190109 | C34: DEMOLICION MURO CONCRETO E=10CM | D34: M2 | E34: =+'MEMORIA DE CANTIDADES'!L396 -> 8 | F34: 49256 | G34: =ROUND(E34 * F34,$J$2) -> 394048 | H34: =#REF! -> #REF! | I34: =#REF! -> #REF! | J34: 1 | K34: =ROUNDUP(#REF!/$J$34,0) -> #REF! | L34: =ROUND(I34 * E34,$J$2) -> #REF! | M34: =ROUND(H34 * E34,$J$2) -> #REF! | N34: =G34*$N$2 -> 394048 | P34: =ROUND(#REF!*E34,0) -> #REF! | Q34: =ROUND(#REF!*E34,0) -> #REF! | R34: =ROUND(#REF!*E34,0) -> #REF! | S34: =ROUND(#REF!*E34,0) -> #REF! | T34: =P34+Q34+R34+S34 -> #REF! | AG34: ="CAP. " & $B$31 & ": " & $C$31 -> CAP. 2: ACUEDUCTO VEREDA EL CRUCERO | AH34: =ROW($B$31) -> 31 | AO34: =E34 -> 8 | AQ34: =AO34+AP34 -> 8 | AR34: =F34 -> 49256 | AS34: =ROUND(AQ34 * AR34,$J$2) -> 394048
A35: 290110 | C35: TANQUE ENTERRADO CONCRETO 3000 PSI | D35: M3 | E35: =+'MEMORIA DE CANTIDADES'!L423 -> 9.4 | F35: 1536556 | G35: =ROUND(E35 * F35,$J$2) -> 14443626 | H35: =#REF! -> #REF! | I35: =#REF! -> #REF! | J35: 1 | K35: =ROUNDUP(#REF!/$J$35,0) -> #REF! | L35: =ROUND(I35 * E35,$J$2) -> #REF! | M35: =ROUND(H35 * E35,$J$2) -> #REF! | N35: =G35*$N$2 -> 14443626 | P35: =ROUND(#REF!*E35,0) -> #REF! | Q35: =ROUND(#REF!*E35,0) -> #REF! | R35: =ROUND(#REF!*E35,0) -> #REF! | S35: =ROUND(#REF!*E35,0) -> #REF! | T35: =P35+Q35+R35+S35 -> #REF! | AG35: ="CAP. " & $B$31 & ": " & $C$31 -> CAP. 2: ACUEDUCTO VEREDA EL CRUCERO | AH35: =ROW($B$31) -> 31 | AO35: =E35 -> 9.4 | AQ35: =AO35+AP35 -> 9.4 | AR35: =F35 -> 1536556 | AS35: =ROUND(AQ35 * AR35,$J$2) -> 14443626
A36: 290304 | C36: FILTRO BRONCE EN Y 4" | D36: UND | E36: =+'MEMORIA DE CANTIDADES'!L450 -> 1 | F36: 1877578 | G36: =ROUND(E36 * F36,$J$2) -> 1877578 | H36: =#REF! -> #REF! | I36: =#REF! -> #REF! | J36: 1 | K36: =ROUNDUP(#REF!/$J$36,0) -> #REF! | L36: =ROUND(I36 * E36,$J$2) -> #REF! | M36: =ROUND(H36 * E36,$J$2) -> #REF! | N36: =G36*$N$2 -> 1877578 | P36: =ROUND(#REF!*E36,0) -> #REF! | Q36: =ROUND(#REF!*E36,0) -> #REF! | R36: =ROUND(#REF!*E36,0) -> #REF! | S36: =ROUND(#REF!*E36,0) -> #REF! | T36: =P36+Q36+R36+S36 -> #REF! | AG36: ="CAP. " & $B$31 & ": " & $C$31 -> CAP. 2: ACUEDUCTO VEREDA EL CRUCERO | AH36: =ROW($B$31) -> 31 | AO36: =E36 -> 1 | AQ36: =AO36+AP36 -> 1 | AR36: =F36 -> 1877578 | AS36: =ROUND(AQ36 * AR36,$J$2) -> 1877578
C37: VALVULA ALIVIO 1 1/2" | D37: UND | E37: =+'MEMORIA DE CANTIDADES'!L477 -> 3 | F37: 870128 | G37: =ROUND(E37 * F37,$J$2) -> 2610384
C38: RETIRO TUBERIA EXISTENTE 0" A 12" | D38: M | E38: =+'MEMORIA DE CANTIDADES'!L504 -> 400 | F38: 13067 | G38: =ROUND(E38 * F38,$J$2) -> 5226800
C39: TUBERIA PVC 1 RDE 21 - 200 PSI | D39: M | E39: =+'MEMORIA DE CANTIDADES'!L531 -> 180 | F39: 12631 | G39: =ROUND(E39 * F39,$J$2) -> 2273580
C40: TUBERIA PVC ,3/4" | D40: M | E40: =+'MEMORIA DE CANTIDADES'!L558 -> 1 | F40: 10214 | G40: =ROUND(E40 * F40,$J$2) -> 10214
G41: =ROUND(E41 * F41,$J$2) -> 0
A42: STCAP | F42: =IF(C31="ESCRIBA AQUÍ EL NOMBRE DEL CAPITULO","SUBTOTAL","SUBTOTAL CAP. "&B31&" "&C31&":") -> SUBTOTAL CAP. 2 ACUEDUCTO VEREDA EL CRUCERO: | G42: =SUM(G32:G41) -> 27919030 | N42: =SUM(N32:N41) -> 17798052 | P42: =SUM(P31:P41) -> #REF! | Q42: =SUM(Q31:Q41) -> #REF! | R42: =SUM(R31:R41) -> #REF! | S42: =SUM(S31:S41) -> #REF! | T42: =SUM(T31:T41) -> #REF! | AG42: ="CAP. " & $B$31 & ": " & $C$31 -> CAP. 2: ACUEDUCTO VEREDA EL CRUCERO | AH42: =ROW($B$31) -> 31 | AS42: =SUM(AS32:AS41) -> 17798052
B44: 3 | C44: ACUEDUCTO EL CASTILLO | G44: =SUM(G45:G48) -> 11507238
C45: MANTENIMIENTO CASETA DE INSUMOS INCLUYE CAMBIO DE CUBIERTA | D45: GBL | E45: =+'MEMORIA DE CANTIDADES'!L558 -> 1 | F45: 4500000 | G45: =ROUND(E45 * F45,$J$2) -> 4500000
C46: TAPA CAJA MARCO ANGULO 4M X 1,5-2,0M | D46: UND | E46: =+'MEMORIA DE CANTIDADES'!L585 -> 3 | F46: 1856498 | G46: =ROUND(E46 * F46,$J$2) -> 5569494
C47: IMPERMEABILIZANTE CONCRETO FUNDIDO | D47: M2 | E47: =+'MEMORIA DE CANTIDADES'!L612 -> 46.2 | F47: 31120 | G47: =ROUND(E47 * F47,$J$2) -> 1437744
G48: =ROUND(E48 * F48,$J$2) -> 0
F49: =IF(C44="ESCRIBA AQUÍ EL NOMBRE DEL CAPITULO","SUBTOTAL","SUBTOTAL CAP. "&B44&" "&C44&":") -> SUBTOTAL CAP. 3 ACUEDUCTO EL CASTILLO: | G49: =SUM(G45:G48) -> 11507238
B51: 4 | C51: ACUEDUCTO CALLE LARGA | G51: =SUM(G52:G57) -> 16165028
C52: LOCALIZACION-REPLANTEO ACUEDUCTO-ALCANTARILLADO | D52: M | E52: =+'MEMORIA DE CANTIDADES'!L639 -> 159 | F52: 2707 | G52: =ROUND(E52 * F52,$J$2) -> 430413
C53: RETIRO TUBERIA EXISTENTE 0" A 12" | D53: M | E53: =+'MEMORIA DE CANTIDADES'!L666 -> 159 | F53: 13067 | G53: =ROUND(E53 * F53,$J$2) -> 2077653
C54: TUBERIA PVC 4" RDE 21 - 200 PSI | D54: M | E54: =+'MEMORIA DE CANTIDADES'!L693 -> 59 | F54: 99718 | G54: =ROUND(E54 * F54,$J$2) -> 5883362
C55: TUBERIA PVC 3" | D55: M | E55: =+'MEMORIA DE CANTIDADES'!L720 -> 100 | F55: 62736 | G55: =ROUND(E55 * F55,$J$2) -> 6273600
C56: MANTENIMIENTO DE TANQUE DE ALMACENAMIENTO Y CASETA DE INSUMOS | D56: GBL | E56: =+'MEMORIA DE CANTIDADES'!L747 -> 1 | F56: 1500000 | G56: =ROUND(E56 * F56,$J$2) -> 1500000
G57: =ROUND(E57 * F57,$J$2) -> 0
F58: =IF(C51="ESCRIBA AQUÍ EL NOMBRE DEL CAPITULO","SUBTOTAL","SUBTOTAL CAP. "&B51&" "&C51&":") -> SUBTOTAL CAP. 4 ACUEDUCTO CALLE LARGA: | G58: =SUM(G52:G57) -> 16165028
B60: 5 | C60: ACUEDUCTO AGUADITAS | G60: =SUM(G61:G66) -> 7543216
C61: LOCALIZACION-REPLANTEO ACUEDUCTO-ALCANTARILLADO | D61: M | E61: =+'MEMORIA DE CANTIDADES'!L774 -> 15 | F61: 2707 | G61: =ROUND(E61 * F61,$J$2) -> 40605
C62: RETIRO TUBERIA EXISTENTE 0" A 12" | D62: M | E62: =+'MEMORIA DE CANTIDADES'!L801 -> 15 | F62: 13067 | G62: =ROUND(E62 * F62,$J$2) -> 196005
C63: TUBERIA PVC 3" | D63: M | E63: =+'MEMORIA DE CANTIDADES'!L828 -> 15 | F63: 62736 | G63: =ROUND(E63 * F63,$J$2) -> 941040
C64: TANQUE ENTERRADO CONCRETO 3000 PSI | D64: M3 | E64: =+'MEMORIA DE CANTIDADES'!L855 -> 3.18 | F64: 1536556 | G64: =ROUND(E64 * F64,$J$2) -> 4886248
C65: ACERO REFUERZO FLEJADO 60000 PSI 420Mpa | D65: KG | E65: =+'MEMORIA DE CANTIDADES'!L886 -> 202.98 | F65: 6098 | G65: =ROUND(E65 * F65,$J$2) -> 1237772
C66: FLEJADO HIERRO 60000 PSI 420 Mpa | D66: KG | E66: =+'MEMORIA DE CANTIDADES'!L913 -> 202.98 | F66: 1190 | G66: =ROUND(E66 * F66,$J$2) -> 241546
C67: TAPA CAJA MARCO ANGULO 4M X 1,5-2,0M | D67: UND | E67: =+'MEMORIA DE CANTIDADES'!L940 -> 1 | F67: 1856498 | G67: =ROUND(E67 * F67,$J$2) -> 1856498
C68: IMPERMEABILIZANTE CONCRETO FUNDIDO | D68: M2 | E68: =+'MEMORIA DE CANTIDADES'!L967 -> 11.76 | F68: 31120 | G68: =ROUND(E68 * F68,$J$2) -> 365971
C69: MANTENIMIENTO DE TANQUE DE ALMACENAMIENTO Y CASETA DE INSUMOS | D69: GBL | E69: =+'MEMORIA DE CANTIDADES'!L994 -> 1 | F69: 1500000 | G69: =ROUND(E69 * F69,$J$2) -> 1500000
F71: =IF(C60="ESCRIBA AQUÍ EL NOMBRE DEL CAPITULO","SUBTOTAL","SUBTOTAL CAP. "&B60&" "&C60&":") -> SUBTOTAL CAP. 5 ACUEDUCTO AGUADITAS: | G71: =SUM(G61:G66) -> 7543216
B73: 6 | C73: ACUEDUCTO LAS VUELTAS | G73: =SUM(G74:G78) -> 8676510
C74: LOCALIZACION-REPLANTEO ACUEDUCTO-ALCANTARILLADO | D74: M | E74: =+'MEMORIA DE CANTIDADES'!L1021 -> 100 | F74: 2707 | G74: =ROUND(E74 * F74,$J$2) -> 270700
C75: RETIRO TUBERIA EXISTENTE 0" A 12" | D75: M | E75: =+'MEMORIA DE CANTIDADES'!L1048 -> 100 | F75: 13067 | G75: =ROUND(E75 * F75,$J$2) -> 1306700
C76: TUBERIA PVC 3" | D76: M | E76: =+'MEMORIA DE CANTIDADES'!L1075 -> 100 | F76: 62736 | G76: =ROUND(E76 * F76,$J$2) -> 6273600
C77: TAPA CAJA MARCO ANGULO 61X61 - 70X70 | D77: UND | E77: =+'MEMORIA DE CANTIDADES'!L1102 -> 3 | F77: 275170 | G77: =ROUND(E77 * F77,$J$2) -> 825510
F79: =IF(C73="ESCRIBA AQUÍ EL NOMBRE DEL CAPITULO","SUBTOTAL","SUBTOTAL CAP. "&B73&" "&C73&":") -> SUBTOTAL CAP. 6 ACUEDUCTO LAS VUELTAS: | G79: =SUM(G74:G78) -> 8676510
A82: NCAP | C82: Puede crear aquí otro capítulo (Dobleclic Aquí) | E82: Ocultar esta fila (Dobleclic Aquí)
N83: =IF($A$2="CD",M82-N82,IF($A$2="CT",L82-N82,"")) -> 0
A84: SUBTTL | F84: =IF($A$2="CD","VALOR COSTOS DIRECTOS",IF($A$2="CT","VALOR TOTAL " &E7,"Correg CT")) -> VALOR COSTOS DIRECTOS | G84: =+G29+G42+G49+G58+G71+G79 -> 113288530 | L84: =SUM(L12:L82) -> #REF! | M84: =SUM(M12:M82) -> #REF! | N84: =+G84*$N$2 -> 113288530 | P84: =SUM(P13:P82)/2 -> #REF! | Q84: =SUM(Q13:Q82)/2 -> #REF! | R84: =SUM(R13:R82)/2 -> #REF! | S84: =SUM(S13:S82)/2 -> #REF! | T84: =SUM(T13:T82)/2 -> #REF! | AP84: =[1]ACTAS!L17 -> #REF! | AS84: =SUM(AS12:AS83)/3 -> 29626841
N85: =IF($A$2="CD",M84-N84,IF($A$2="CT",L84-N84,"")) -> #REF!
A86: SUBTTLOC | F86: VALOR COSTOS DIRECTOS OBRA CIVIL | N86: =+G86*$N$2 -> 0 | P86: =SUM(P13:P82)/2 -> #REF! | AR86: VALOR COSTOS DIRECTOS OBRA CIVIL
N87: =IF($A$2="CD",M86-N86,IF($A$2="CT",L86-N86,"")) -> 0
A88: SUBTTLSM | F88: VALOR COSTOS DIRECTOS SUMINISTRO | N88: =+G88*$N$2 -> 0 | P88: =SUM(P13:P86)/2 -> #REF! | AR88: VALOR COSTOS DIRECTOS SUMINISTRO
G89: =IF((G86+G88)<>SbtPpto,"NO COINCIDEN LOS SUBTOTALES","") -> NO COINCIDEN LOS SUBTOTALES | N89: =IF($A$2="CD",M88-N88,IF($A$2="CT",L88-N88,"")) -> 0
A90: COSTINDOC | C90: COSTOS INDIRECTOS OBRA CIVIL | AO90: COSTOS INDIRECTOS OBRA CIVIL
A91: TTLCDOC | F91: VALOR COSTOS DIRECTOS OBRA CIVIL | G91: =G86 -> 0 | N91: =G91*$N$2 -> 0 | AR91: VALOR COSTOS DIRECTOS OBRA CIVIL | AS91: =AS86 -> 0
A92: ADMOC | E92: ADMINISTRACION | F92: 0.22 | G92: =ROUND(G91*F92,0) -> 0 | N92: =G92*$N$2 -> 0 | AQ92: ADMINISTRACION | AR92: =F92 -> 0.22 | AS92: =ROUND(AS91*AR92,0) -> 0
A93: IMPROC | E93: IMPREVISTOS | F93: 0.03 | G93: =ROUND(G91*F93,0) -> 0 | N93: =G93*$N$2 -> 0 | AQ93: IMPREVISTOS | AR93: =F93 -> 0.03 | AS93: =ROUND(AS91*AR93,0) -> 0
A94: UTLOC | E94: UTILIDAD | F94: 0.05 | G94: =ROUND(G91*F94,0) -> 0 | N94: =G94*$N$2 -> 0 | AQ94: UTILIDAD | AR94: =F94 -> 0.05 | AS94: =ROUND(AS91*AR94,0) -> 0
A95: TTLAIUOC | E95: TOTAL AIU | F95: =SUM(F92:F94) -> 0.3 | G95: =SUM(G92:G94) -> 0 | M95: =+TtlCD*M93 -> 0 | N95: =G95*$N$2 -> 0 | AQ95: TOTAL AIU | AR95: =SUM(AR92:AR94) -> 0.3 | AS95: =SUM(AS92:AS94) -> 0
A96: IVAOC | E96: IVA SOBRE LA UTILIDAD | F96: 0.19 | G96: =ROUND(G94*F96,0)-(M97) -> 0 | N96: =G96*$N$2 -> 0 | AQ96: IVA SOBRE LA UTILIDAD | AR96: =F96 -> 0.19 | AS96: =ROUND(AS94*AR96,0)-(AY97) -> 0
A97: TTLPPTOOC | F97: VALOR TOTAL PRESUPUESTO DE OBRA CIVIL | G97: =G91+G95+G96 -> 0 | H97: =+H95+H91+H96 -> 0 | I97: =ROUND(G97-G86,4) -> 0 | J97: =+J95+J91+J96 -> 0 | K97: =+K95+K91+K96 -> 0 | L97: =+L95+L91+L96 -> 0 | N97: =G97*$N$2 -> 0 | AR97: VALOR TOTAL PRESUPUESTO DE OBRA CIVIL | AS97: =AS91+AS95+AS96 -> 0
A99: COSTINDSM | C99: COSTOS INDIRECTOS SUMINISTRO | AO99: COSTOS INDIRECTOS SUMINISTRO
A100: TTLCDSM | F100: VALOR COSTOS DIRECTOS SUMINISTRO | G100: =G88 -> 0 | N100: =G100*$N$2 -> 0 | AR100: VALOR COSTOS DIRECTOS SUMINISTRO | AS100: =AS88 -> 0
A101: ADMSM | E101: ADMINISTRACION | F101: 0.17 | G101: =ROUND(G100*F101,0) -> 0 | N101: =G101*$N$2 -> 0 | AQ101: ADMINISTRACION | AR101: =F101 -> 0.17 | AS101: =ROUND(AS100*AR101,0) -> 0
A102: IMPRSM | E102: IMPREVISTOS | F102: 0.01 | G102: =ROUND(G100*F102,0) -> 0 | M102: =1+(Adm+Imprev+Utilidad+IvaSUtl*Utilidad) -> 1.3195 | N102: =G102*$N$2 -> 0 | AQ102: IMPREVISTOS | AR102: =F102 -> 0.01 | AS102: =ROUND(AS100*AR102,0) -> 0
A103: UTLSM | E103: UTILIDAD | F103: 0.01 | G103: =ROUND(G100*F103,0) -> 0 | N103: =G103*$N$2 -> 0 | AQ103: UTILIDAD | AR103: =F103 -> 0.01 | AS103: =ROUND(AS100*AR103,0) -> 0
A104: TTLAIUSM | E104: TOTAL AIU | F104: =SUM(F101:F103) -> 0.19 | G104: =SUM(G101:G103) -> 0 | M104: =+TtlCD*M102 -> 1.4948422e+08 | N104: =G104*$N$2 -> 0 | AQ104: TOTAL AIU | AR104: =SUM(AR101:AR103) -> 0.19 | AS104: =SUM(AS101:AS103) -> 0
A105: IVASM | E105: IVA SOBRE LA UTILIDAD | F105: 0.19 | G105: =ROUND(G103*F105,0)-(M106) -> 0 | N105: =G105*$N$2 -> 0 | AQ105: IVA SOBRE LA UTILIDAD | AR105: =F105 -> 0.19 | AS105: =ROUND(AS103*AR105,0)-(AY106) -> 0
A106: TTLPPTOSM | F106: VALOR TOTAL PRESUPUESTO DE SUMINISTRO | G106: =G100+G104+G105 -> 0 | H106: =+H104+H100+H105 -> 0 | I106: =ROUND(G106-G88,4) -> 0 | J106: =+J104+J100+J105 -> 0 | K106: =+K104+K100+K105 -> 0 | L106: =+L104+L100+L105 -> 0 | N106: =G106*$N$2 -> 0 | AR106: VALOR TOTAL PRESUPUESTO DE SUMINISTRO | AS106: =AS100+AS104+AS105 -> 0
A109: COSTIND | C109: COSTOS INDIRECTOS | AO109: COSTOS INDIRECTOS
A110: TTLOC | F110: COSTO TOTAL OBRA CIVIL | G110: =G97 -> 0 | AR110: COSTO TOTAL OBRA CIVIL | AS110: =AS97 -> 0
A111: TTLSM | F111: COSTO TOTAL SUMINISTRO | G111: =G106 -> 0 | AR111: COSTO TOTAL SUMINISTRO | AS111: =AS106 -> 0
A112: TTLCD | F112: VALOR COSTOS DIRECTOS | G112: =+SbtPpto -> 113288530 | N112: =G112*$N$2 -> 113288530 | AR112: VALOR COSTOS DIRECTOS | AS112: =ROUND(IF($A$2="CD",AS84,IF($A$2="CT",AS84/(1+(Adm + Imprev + Utilidad + IvaSUtl*Utilidad)))),0) -> 29626841
A113: ADM | E113: ADMINISTRACION | F113: 0.25 | G113: =ROUND(G112*F113,0) -> 28322133 | N113: =G113*$N$2 -> 28322133 | AQ113: ADMINISTRACION | AR113: =F113 -> 0.25 | AS113: =ROUND(AS112*AR113,0) -> 7406710
A114: IMPR | E114: IMPREVISTOS | F114: 0.01 | G114: =ROUND(G112*F114,0) -> 1132885 | M114: =1+(Adm+Imprev+Utilidad+IvaSUtl*Utilidad) -> 1.3195 | N114: =G114*$N$2 -> 1132885 | AQ114: IMPREVISTOS | AR114: =F114 -> 0.01 | AS114: =ROUND(AS112*AR114,0) -> 296268
A115: UTL | E115: UTILIDAD | F115: 0.05 | G115: =ROUND(G112*F115,0) -> 5664427 | N115: =G115*$N$2 -> 5664427 | AQ115: UTILIDAD | AR115: =F115 -> 0.05 | AS115: =ROUND(AS112*AR115,0) -> 1481342
A116: TTLAIU | E116: TOTAL AIU | F116: =SUM(F113:F115) -> 0.31 | G116: =SUM(G113:G115) -> 35119445 | M116: =+TtlCD*M114 -> 1.4948422e+08 | N116: =G116*$N$2 -> 35119445 | AQ116: TOTAL AIU | AR116: =SUM(AR113:AR115) -> 0.31 | AS116: =SUM(AS113:AS115) -> 9184320
...

Sheet MEMORIA DE CANTIDADES
A16: iniEncab | B16: =PRESUPUESTO!B7 -> FIRMA CONSTRUCTORA | W16: MEMORIA DE CANTIDADES DE OBRA
B18: OBRA:
A19: FinEncab
A23: emp | C23: MEMORIA DE CALCULO DE CANTIDADES DE OBRA | AY23: .
A24: cap | C24: =PRESUPUESTO!AG16 -> CAP. 1: ACUEDUCTO VEREDA LOS ZAINOS | J24: =+PRESUPUESTO!C16 -> LOCALIZACION-REPLANTEO ACUEDUCTO-ALCANTARILLADO | AI24: UNIDAD: | AP24: =PRESUPUESTO!$D$16 -> M
A25: Item 100113 | AI25: CANTIDAD: | AP25: =L37 -> 198
A26: actas
A27: dimen | C27: AREA O LUGAR | E27: DIMENSIONES | I27: V. PARCIAL | J27: N° DE ELEMENTOS | K27: UNIDAD | L27: TOTAL
E28: LONGITUD | F28: ANCHO | G28: ALTO | H28: PESO
A29: grp
A31: fila | C31: LOCALIZACION-REPLANTEO ACUEDUCTO-ALCANTARILLADO VEREDA LOS ZAINOS DESDE BOCATOMA A DESARENADOR | E31: 19 | I31: =+E31 -> 19 | J31: 1 | K31: M | L31: =+I31*J31 -> 19
C33: LOCALIZACION-REPLANTEO ACUEDUCTO-ALCANTARILLADO VEREDA LOS ZAINOS DESDE DESARENADOR A TANQUE DE ALMACENAMIENTO | E33: 29 | I33: =+E33 -> 29 | J33: 1 | K33: M | L33: =+I33*J33 -> 29
C35: LOCALIZACION-REPLANTEO ACUEDUCTO-ALCANTARILLADO VEREDA LOS ZAINOS DESDE TANQUE DE ALMACENAMIENTO HASTA PUNTO REQUERIDO | E35: 150 | I35: =+E35 -> 150 | J35: 1 | K35: M | L35: =+I35*J35 -> 150
A37: cant | G37: Aproxima Resultado a : | H37: 2 | I37: Decimales | K37: TOTAL | L37: =ROUND(SUM(L29:L36),H37) -> 198
C40: Observaciones:
AH42: ="Item " & E25 & " Página 1 de 1 " -> Item Página 1 de 1
D47: CONTRATISTA | R47: Vo.Bo. INTERVENTOR
A48: term
C50: MEMORIA DE CALCULO DE CANTIDADES DE OBRA
C51: =+C24 -> CAP. 1: ACUEDUCTO VEREDA LOS ZAINOS | J51: =+PRESUPUESTO!C17 -> DESMONTE Y LIMPIEZA | AI51: UNIDAD: | AP51: =[2]PRESUPUESTO!$D$18 -> M2
AI52: CANTIDAD: | AP52: =L64 -> 158.4
C54: AREA O LUGAR | E54: DIMENSIONES | I54: V. PARCIAL | J54: N° DE ELEMENTOS | K54: UNIDAD | L54: TOTAL
E55: LONGITUD | F55: ANCHO | G55: ALTO | H55: PESO
C58: DESMONTE Y LIMPIEZA ZONA A INTERVENIR | E58: =+L37 -> 198 | F58: 0.8 | I58: =+F58*E58 -> 158.4 | J58: 1 | K58: M2 | L58: =+J58*I58 -> 158.4
K60: M2 | L60: =+I60*J60 -> 0
K62: M2 | L62: =+I62*J62 -> 0
G64: Aproxima Resultado a : | H64: 2 | I64: Decimales | K64: TOTAL | L64: =ROUND(SUM(L56:L63),H64) -> 158.4
C67: Observaciones:
AH69: ="Item " & E52 & " Página 1 de 1 " -> Item Página 1 de 1
D74: CONTRATISTA | R74: Vo.Bo. INTERVENTOR
A77: emp | C77: MEMORIA DE CALCULO DE CANTIDADES DE OBRA | AY77: .
A78: cap | C78: =PRESUPUESTO!AG18 -> CAP. 1: ACUEDUCTO VEREDA LOS ZAINOS | J78: =+PRESUPUESTO!C18 -> RETIRO TUBERIA EXISTENTE 0" A 12" | AI78: UNIDAD: | AP78: =PRESUPUESTO!$D$18 -> M
A79: Item 100314 | AI79: CANTIDAD: | AP79: =L89 -> 198
A80: actas
A81: dimen | C81: AREA O LUGAR | E81: DIMENSIONES | I81: V. PARCIAL | J81: N° DE ELEMENTOS | K81: UNIDAD | L81: TOTAL
E82: LONGITUD | F82: ANCHO | G82: ALTO | H82: PESO
A83: grp
A85: fila | C85: RETIRO TUBERIA EXISTENTE 0" A 12" EN EL ACUEDUCTO LOS ZAINOS | E85: =+L37 -> 198 | I85: =+E85 -> 198 | J85: 1 | K85: M | L85: =+J85*E85 -> 198
I87: =+E87*F87 -> 0
A89: cant | G89: Aproxima Resultado a : | H89: 2 | I89: Decimales | K89: TOTAL | L89: =ROUND(SUM(L83:L88),H89) -> 198
C92: Observaciones:
AH94: ="Item " & E79 & " Página 1 de 1 " -> Item Página 1 de 1
D99: CONTRATISTA | R99: Vo.Bo. INTERVENTOR
A100: term
A104: emp | C104: MEMORIA DE CALCULO DE CANTIDADES DE OBRA | AY104: .
A105: cap | C105: =PRESUPUESTO!AG20 -> CAP. 1: ACUEDUCTO VEREDA LOS ZAINOS | J105: =+PRESUPUESTO!C19 -> DESVIACION TEMPORAL CAUCE ANCHOS 1 A 3 M | AI105: UNIDAD: | AP105: M
A106: Item 100624 | AI106: CANTIDAD: | AP106: =L116 -> 15
A107: actas
A108: dimen | C108: AREA O LUGAR | E108: DIMENSIONES | I108: V. PARCIAL | J108: N° DE ELEMENTOS | K108: UNIDAD | L108: TOTAL
E109: LONGITUD | F109: ANCHO | G109: ALTO | H109: PESO
A110: grp
A112: fila | C112: =+J105 -> DESVIACION TEMPORAL CAUCE ANCHOS 1 A 3 M | E112: 15 | I112: =+E112 -> 15 | J112: 1 | K112: M | L112: =+J112*I112 -> 15
A114: fila | I114: =+G114*E114*F114 -> 0 | K114: =AP105 -> M | L114: =I114*J114 -> 0
A116: cant | G116: Aproxima Resultado a : | H116: 2 | I116: Decimales | K116: TOTAL | L116: =ROUND(SUM(L110:L115),H116) -> 15
C119: Observaciones:
AH121: ="Item " & E106 & " Página 1 de 1 " -> Item Página 1 de 1
D126: CONTRATISTA | R126: Vo.Bo. INTERVENTOR
A127: term
A131: emp | C131: MEMORIA DE CALCULO DE CANTIDADES DE OBRA | AY131: .
A132: cap | C132: =PRESUPUESTO!AG21 -> CAP. 1: ACUEDUCTO VEREDA LOS ZAINOS | J132: =+PRESUPUESTO!C20 -> EXCAVACION TIERRA A MANO | AI132: UNIDAD: | AP132: =PRESUPUESTO!$D$21 -> M3
A133: Item 100628 | AI133: CANTIDAD: | AP133: =L143 -> 24
A134: actas
A135: dimen | C135: AREA O LUGAR | E135: DIMENSIONES | I135: V. PARCIAL | J135: N° DE ELEMENTOS | K135: UNIDAD | L135: TOTAL
E136: LARGO | F136: ANCHO | G136: ALTO | H136: PESO
A137: grp
A139: fila | C139: EXCAVACIONES PARA MEJORAMIENTO DE BOCATOMA | E139: 4 | F139: 4 | G139: 1.5 | I139: =+E139*F139*G139 -> 24 | J139: 1 | K139: =AP132 -> M3 | L139: =I139*J139 -> 24
A141: fila
A143: cant | G143: Aproxima Resultado a : | H143: 2 | I143: Decimales | K143: TOTAL | L143: =ROUND(SUM(L137:L142),H143) -> 24
C146: Observaciones:
AH148: ="Item " & E133 & " Página 1 de 1 " -> Item Página 1 de 1
D153: CONTRATISTA | R153: Vo.Bo. INTERVENTOR
A154: term
A158: emp | C158: MEMORIA DE CALCULO DE CANTIDADES DE OBRA | AY158: .
A159: cap | C159: =+C132 -> CAP. 1: ACUEDUCTO VEREDA LOS ZAINOS | J159: =+PRESUPUESTO!C21 -> TANQUE ENTERRADO CONCRETO 3000 PSI | AI159: UNIDAD: | AP159: =PRESUPUESTO!$D$33 -> M
A160: Item 140218 | AI160: CANTIDAD: | AP160: =L170 -> 5.4
A161: actas
A162: dimen | C162: AREA O LUGAR | E162: DIMENSIONES | I162: V. PARCIAL | J162: N° DE ELEMENTOS | K162: UNIDAD | L162: TOTAL
E163: PERIMETRO | F163: ANCHO | G163: ALTO | H163: PESO
A164: grp
A166: fila | C166: PARED TANQUE PARA CAPTACION DE AGUA | E166: =3+3+3+3 -> 12 | F166: 0.2 | G166: 1.5 | I166: =+E166*F166*G166 -> 3.6 | J166: 1 | K166: =+AP159 -> M | L166: =+I166*J166 -> 3.6
C168: PISO TANQUE CAPTACION DE AGUA | E168: AREA | F168: =3*3 -> 9 | G168: 0.2 | I168: =+F168*G168 -> 1.8 | J168: 1 | K168: M3 | L168: =+I168*J168 -> 1.8
A170: cant | G170: Aproxima Resultado a : | H170: 2 | I170: Decimales | K170: TOTAL | L170: =ROUND(SUM(L164:L169),H170) -> 5.4
C173: Observaciones:
AH175: ="Item " & E160 & " Página 1 de 1 " -> Item Página 1 de 1
D180: CONTRATISTA | R180: Vo.Bo. INTERVENTOR
A181: term
A185: emp | C185: MEMORIA DE CALCULO DE CANTIDADES DE OBRA | AY185: .
A186: cap | C186: =+C159 -> CAP. 1: ACUEDUCTO VEREDA LOS ZAINOS | J186: =+PRESUPUESTO!C22 -> ACERO REFUERZO FLEJADO 60000 PSI 420Mpa | AI186: UNIDAD: | AP186: KG
A187: Item 190109 | C187: =PRESUPUESTO!AI34 -> 0 | AI187: CANTIDAD: | AP187: =L199 -> 239.04
A188: actas
A189: dimen | C189: AREA O LUGAR | E189: DIMENSIONES | I189: V. PARCIAL | J189: N° DE ELEMENTOS | K189: UNIDAD | L189: TOTAL
E190: LONGITUD | F190: ANCHO | G190: ALTO | H190: PESO
A191: grp
A193: fila | C193: ACERO LONGITUDINAL REFUERZO PAREDES DE BOCATOMA | E193: =1.3+3.2+1.3+0.2 -> 6 | H193: 0.996 | I193: =+E193*H193 -> 5.976 | J193: =3/0.15 -> 20 | K193: KG | L193: =+I193*J193 -> 119.52
C195: ACERO TRANSVERSAL REFUERZO PAREDES DE BOCATOMA | E195: 6 | H195: 0.996 | I195: 5.976 | J195: 20 | K195: KG | L195: 119.52
A199: cant | G199: Aproxima Resultado a : | H199: 2 | I199: Decimales | K199: TOTAL | L199: =ROUND(SUM(L191:L198),H199) -> 239.04
C202: Observaciones:
AH204: ="Item " & E187 & " Página 1 de 1 " -> Item Página 1 de 1
D209: CONTRATISTA | R209: Vo.Bo. INTERVENTOR
A210: term
...
